 Dungeon Crawl Stone Soup version 0.23-a0-650-ga4d50d4 (webtiles) character file.

6201 kikkula the Spear-Bearer (level 10, -10/77 HPs)
             Began as a Centaur Chaos Knight on Jan 5, 2019.
             Was a High Priest of Okawaru.
             Mangled by a troll (16 damage)
             ... on level 8 of the Dungeon.
             The game lasted 00:47:45 (11013 turns).

kikkula the Spear-Bearer (Centaur Chaos Knight)    Turns: 11013, Time: 00:47:46

Health: -10/77     AC: 14    Str: 18    XL:     10   Next: 61%
Magic:  13/13      EV:  9    Int: 12    God:    Okawaru [*****.]
Gold:   454        SH:  0    Dex: 12    Spells: 9/9 levels left

rFire    . . .     SeeInvis .   a - +0 spear (chaos)
rCold    . . .     Gourm    +   (no shield)
rNeg     . . .     Faith    .   B - +2 scale mail {MR+}
rPois    +         Spirit   .   (no helmet)
rElec    +         Reflect  .   R - +0 cloak of the Original Sin {+Inv}
rCorr    .         Harm     .   y - +0 pair of gloves (curse)
MR       +....                  (no barding)
Stlth    ..........             k - amulet of the gourmand
HPRegen  0.22/turn              m - +4 ring of dexterity
MPRegen  0.13/turn              n - ring of poison resistance

@: very quick
A: large, fangs 1, hooves 3, repulsion field 1, thin metallic scales 1, deformed
body, speed 2, low mp 1, screaming 1, electricity resistance, tough skin 3
a: Heroism, Finesse, Renounce Religion, Evoke Invisibility


You were on level 8 of the Dungeon.
You worshipped Okawaru.
Okawaru was extremely pleased with you.
You were completely stuffed.

You visited 1 branch of the dungeon, and saw 9 of its levels.

You collected 454 gold pieces.

Inventory:

Hand Weapons
 a - a +0 spear of chaos (weapon)
 b - a +0 shortbow
 J - a +2 whip of flaming
 M - the +2 great sword of Iconoclasm {venom, rElec rF+ Str+2 Int-3}
   (You found it on level 8 of the Dungeon)

   It poisons the flesh of those it strikes.
   It affects your strength (+2).
   It affects your intelligence (-3).
   It protects you from fire.
   It insulates you from electricity.
Missiles
 r - 43 poisoned needles
 D - 153 arrows
 G - 5 tomahawks of returning
 K - 9 tomahawks (quivered)
Armour
 s - a +1 cloak
 y - a cursed +0 pair of gloves (worn)
 B - a +2 scale mail of magic resistance (worn)
 O - a +1 plate armour of cold resistance
 R - the +0 cloak of the Original Sin (worn) {+Inv}
   (You found it on level 9 of the Dungeon)

   It lets you turn invisible.
Magical Staves
 I - an uncursed staff of air {unknown}
 P - an uncursed staff of conjuration {unknown}
Jewellery
 k - an amulet of the gourmand (around neck)
 m - a +4 ring of dexterity (left hand)
 n - a ring of poison resistance (right hand)
 F - a +4 ring of dexterity
Wands
 e - a wand of acid (8)
 E - a wand of flame (17)
Scrolls
 d - 6 scrolls of amnesia
 h - 5 scrolls of teleportation
 i - 7 scrolls of remove curse
 j - 2 scrolls of enchant weapon
 q - a scroll of fear
 t - 3 scrolls of immolation
 v - 2 scrolls of fog
 w - a scroll of blinking
 H - a scroll of identify
Potions
 f - a potion of ambrosia
 l - 2 potions of agility
 o - 3 potions of might
 p - 7 potions of curing
 u - a potion of haste
 x - 2 potions of magic
 z - a potion of flight
 A - 2 potions of mutation
 C - a potion of brilliance
 L - a potion of lignification {unknown}
 N - a potion of degeneration {unknown}
Miscellaneous
 g - a phantom mirror
Comestibles
 c - 12 rations
 Q - a chunk of flesh


   Skills:
 + Level 3.6 Fighting
 + Level 10.9 Polearms
 - Level 1.2 Bows
 - Level 0.1 Throwing
 + Level 7.4 Armour
 - Level 0.6 Dodging
 - Level 6.0 Invocations


You had 9 spell levels left.
You didn't know any spells.
Your spell library was empty.

Dungeon Overview and Level Annotations

Branches:
Dungeon (9/15)             Temple (0/1) D:7            Lair (0/6) D:9
    Orc: D:9-12

Altars:
Makhleb
Okawaru
Qazlal
Vehumet

Shops:
D:4 }

Annotations:
D:2 exclusion: downstairs
D:4 3 runed doors, azzavlup's ghost, amateur DsGl
D:5 exclusion: downstairs
D:6 exclusion: downstairs
D:7 exclusion: downstairs
D:8 exclusion: downstairs


Innate Abilities, Weirdness & Mutations

You have hooves in place of feet.
Armour fits poorly on your strangely shaped body.
You cover ground very quickly.
You have extremely tough skin. (AC +3)
You have very sharp teeth.
You are surrounded by a mild repulsion field. (EV +2)
You are partially covered in thin metallic scales. (AC +2)
Your magical capacity is low. (-10% MP)
You occasionally shout uncontrollably at your foes.
You are resistant to electric shocks. (rElec)


Message History

The troll is moderately wounded.
You hit the troll but do no damage.
The troll flickers and vanishes!
Deactivating autopickup; reactivate with Ctrl-A.
Something bites you but does no damage. Something claws you.
Something claws you but does no damage.
No target in view!
You hear a bellow!
There is a stone staircase leading up, spattered with blood here.
Something bites you. Something claws you but does no damage.
Something claws you! Something bites you.
* * * LOW HITPOINT WARNING * * *
Something claws you but does no damage. Something claws you!
* * * LOW HITPOINT WARNING * * *
You climb upwards.
Level annotation: exclusion: downstairs Reactivating autopickup.
There is a stone staircase leading down, spattered with blood here.
Something bites you!
You die...
Xom snickers!

#".###.###.....#...
#...#...#......'...
##...........#######
##...##.......####.##
#.....[p..#....#....[
#.........#.>.....###
#..÷......#...[.###
#.†>......'....##
#########†.@.....#...## ###
#......##....<...#...# ##..
#......##......###..## ##..#
#......##......###..# #..##
#....)..........#...# #.##
#...............#...# #.#
#......##.......#..#####.##
#####'###########..##.....#
#......##....####..#..#...##


You could see a neutral freed slave (wandering).

Vanquished Creatures
  Pikel (D:8)
  An ugly thing (D:7)
  A cyclops (D:8)
  A cyclops (shapeshifter) (D:8)
  A komodo dragon (D:8)
  Grinder (D:3)
  A wyvern (D:8)
  A wyvern (shapeshifter) (D:7)
  2 basilisks (D:8)
  A yak (D:9)
  A sky beast (D:5)
  A floating eye (shapeshifter) (D:8)
  3 orc warriors
  3 porcupines (D:9)
  An ice beast (D:7)
  4 centaurs
  3 ogres
  A crocodile (D:8)
  A big kobold (D:8)
  3 bullfrogs
  A water moccasin zombie (D:8)
  2 scorpions
  A water moccasin skeleton (D:7)
  2 killer bees (D:8)
  5 wights (D:7)
  2 howler monkeys
  3 crimson imps
  A quasit (D:4)
  3 orc priests
  Crazy Yiuf (D:3)
  2 jellies (D:7)
  2 hounds
  5 iguanas
  Natasha (thrice) (D:3)
  7 orc wizards
  4 worker ants
  2 hound skeletons
  6 adders
  2 shadow imps (D:8)
  An ooze (D:1)
  An adder zombie (D:5)
  2 adder skeletons
  5 worms
  2 dart slugs
  3 leopard geckos
  28 orcs
  5 bats
  4 giant cockroaches
  6 goblins
  12 hobgoblins
  4 jackals
  4 quokkas
  A ball python (D:8)
  5 frilled lizards
  A giant cockroach zombie (D:6)
  A jackal skeleton (D:6)
  A jackal zombie (D:5)
  7 kobolds
  A leopard gecko skeleton (D:7)
  A quokka skeleton (D:8)
  A quokka zombie (D:7)
  6 rats
188 creatures vanquished.

Vanquished Creatures (others)
  3 slaves (D:8)
  A centaur (shapeshifter) (D:2)
  A bullfrog (D:8)
  A scorpion (D:8)
  An orc priest (D:7)
  2 orc wizards (D:8)
  An adder (D:8)
  3 orcs (D:8)
  A jackal zombie (D:8)
  A bush (D:9)
  A fungus (D:9)
  6 plants (D:9)
22 creatures vanquished.

Grand Total: 210 creatures vanquished

Notes
Turn   | Place    | Note
-------+----------+-------------------------------------------
     0 | D:1      | kikkula the Centaur Chaos Knight began the quest for the
                  | Orb.
     0 | D:1      | Reached XP level 1. HP: 19/19 MP: 1/1
   239 | D:1      | Reached skill level 3 in Polearms
   239 | D:1      | Reached XP level 2. HP: 26/26 MP: 2/2
   805 | D:1      | XOM: harmless Necr miscast
   869 | D:2      | XOM: summons friendly quasit
   879 | D:2      | Reached XP level 3. HP: 27/31 MP: 3/3
  1016 | D:2      | XOM: scenery: 1 doors close
  1032 | D:2      | Found an iron altar of Okawaru.
  1038 | D:2      | Reached skill level 4 in Polearms
  1232 | D:2      | XOM: give mutations
  1232 | D:2      | Gained mutation: You have very sharp teeth. [Xom's grace]
  1232 | D:2      | Gained mutation: You are partially covered in thin metallic
                  | scales. (AC +2) [Xom's grace]
  1232 | D:2      | Gained mutation: Your flesh is heat resistant. (rF+) [Xom's
                  | grace]
  1232 | D:2      | Gained mutation: You are resistant to electric shocks.
                  | (rElec) [Xom's grace]
  1368 | D:2      | Noticed a centaur
  1368 | D:2      | a worm changed into a centaur
  1368 | D:2      | Killed a centaur
  1368 | D:2      | Reached XP level 4. HP: 38/38 MP: 4/4
  1368 | D:2      | XOM: divine lightning
  1463 | D:2      | Fell from the grace of Xom
  1463 | D:2      | Became a worshipper of Warmaster Okawaru
  1731 | D:3      | XOM: 2-stop teleportation journey
  1822 | D:3      | Noticed Grinder
  1895 | D:3      | Noticed Natasha
  1907 | D:3      | Killed Natasha
  1907 | D:3      | Reached skill level 5 in Polearms
  1907 | D:3      | Reached XP level 5. HP: 17/45 MP: 5/5
  2218 | D:3      | Noticed Natasha
  2232 | D:3      | Killed Natasha
  2492 | D:2      | XOM: severe Conj miscast
  2683 | D:3      | Found a runed door.
  2810 | D:3      | Noticed Crazy Yiuf
  2828 | D:3      | Killed Crazy Yiuf
  2850 | D:3      | Noticed Natasha
  2861 | D:3      | Killed Natasha
  2942 | D:4      | XOM: medium Erth miscast
  3169 | D:4      | Reached XP level 6. HP: 46/51 MP: 6/6
  3258 | D:4      | Found Xiess's Gadget Emporium.
  3279 | D:4      | XOM: noise
  3577 | D:4      | XOM: summons 6 hostile demons
  3578 | D:4      | Noticed a rust devil
  3616 | D:2      | XOM: give mutations
  3616 | D:2      | Gained mutation: You are agile. (Dex +2) [Xom's mischief]
  3616 | D:2      | Lost mutation: Your flesh is heat resistant. (rF+) [Xom's
                  | mischief]
  3616 | D:2      | Gained mutation: You are surrounded by a mild repulsion
                  | field. (EV +2) [Xom's mischief]
  3805 | D:4      | Reached * piety under Okawaru
  4004 | D:4      | Found a runed gate.
  4004 | D:4      | Found a runed gate.
  4004 | D:4      | Found a runed gate.
  4005 | D:4      | Noticed azzavlup's ghost (amateur DsGl)
  4243 | D:5      | Entered Level 5 of the Dungeon
  4249 | D:5      | Reached skill level 6 in Polearms
  4374 | D:5      | Noticed a sky beast
  4415 | D:5      | Killed a sky beast
  4415 | D:5      | Reached XP level 7. HP: 45/57 MP: 7/7
  4654 | D:5      | XOM: medium Fire miscast
  4878 | D:5      | XOM: give mutations
  4878 | D:5      | Lost mutation: You are agile. (Dex +2) [Xom's mischief]
  4878 | D:5      | Gained mutation: You occasionally shout uncontrollably at
                  | your foes. [Xom's mischief]
  4878 | D:5      | Gained mutation: Your magical capacity is low. (-10% MP)
                  | [Xom's mischief]
  5019 | D:6      | Reached ** piety under Okawaru
  5019 | D:6      | Reached skill level 1 in Invocations
  5214 | D:3      | Paralysed by Grinder for 5 turns
  5248 | D:3      | Killed Grinder
  5248 | D:3      | Reached skill level 7 in Polearms
  5428 | D:6      | Reached XP level 8. HP: 51/63 MP: 8/8
  5924 | D:6      | Reached *** piety under Okawaru
  6377 | D:7      | XOM: medium Erth miscast
  6603 | D:7      | Found a staircase to the Ecumenical Temple.
  6665 | D:7      | Found a stormy altar of Qazlal.
  6681 | D:7      | Reached skill level 8 in Polearms
  6692 | D:7      | Reached skill level 5 in Armour
  6767 | D:7      | XOM: noise
  6873 | D:7      | XOM: mild Erth miscast
  6966 | D:7      | Reached XP level 9. HP: 33/69 MP: 4/10
  7360 | D:8      | Noticed a purple ugly thing
  7506 | D:7      | Killed a purple ugly thing
  7506 | D:7      | Reached **** piety under Okawaru
  7506 | D:7      | Reached skill level 9 in Polearms
  7730 | D:7      | XOM: harmless Pois miscast
  7754 | D:7      | XOM: harmless Summ miscast
  7936 | D:8      | Noticed Pikel
  7967 | D:8      | Paralysed by Pikel for 6 turns
  7969 | D:8      | Killed Pikel
  8001 | D:8      | Reached skill level 10 in Polearms
  8033 | D:8      | Noticed a cyclops
  8066 | D:8      | Killed a cyclops
  8066 | D:8      | Reached ***** piety under Okawaru
  8827 | D:8      | Noticed a yaktaur
  9056 | D:7      | Reached skill level 1 in Bows
  9254 | D:8      | Found a radiant altar of Vehumet.
  9297 | D:8      | Reached XP level 10. HP: 46/77 MP: 10/11
  9525 | D:8      | Noticed a cyclops
  9525 | D:8      | a yaktaur changed into a cyclops
  9538 | D:8      | Killed a cyclops
  9839 | D:8      | Got an ancient great sword
  9840 | D:8      | Identified the +2 great sword of Iconoclasm {venom, rElec
                  | rF+ Str+2 Int-3} (You found it on level 8 of the Dungeon)
  9868 | D:8      | Reached skill level 5 in Invocations
 10003 | D:8      | XOM: blink monster(s)
 10240 | D:8      | XOM: swap monsters
 10764 | D:8      | XOM: enchant monster (bad)
 10905 | D:9      | Found a staircase to the Lair.
 10914 | D:9      | Got a twisted cloak
 10925 | D:9      | Identified the +0 cloak of the Original Sin {+Inv} (You
                  | found it on level 9 of the Dungeon)
 10944 | D:9      | Found a burning altar of Makhleb.
 11013 | D:8      | Mangled by a troll

Vault maps used:
D:1:      dpeg_cavernosity, serial_bayou_pond_d
D:2:      moated_statue, st_stairs_10, okawaru_gym_becter
D:3:      uniq_crazy_yiuf_cottage, uniq_natasha, uniq_grinder
D:4:      serial_shops, nicolae_shop_stone, first_ration,
          gammafunk_ghost_necromancy
D:7:      temple_statues, basic_altar
D:8:      minmay_the_grid_plus_closed, vehumet_crystals, uniq_pikel
D:9:      minmay_lair_entry_grove, gammafunk_ghost_mausoleum,
          minmay_misc_feat_nine_boxes, hangedman_pestilent_swarm,
          makhleb_heckhound_becter, uniq_erolcha

Skill      XL: |  1  2  3  4  5  6  7  8  9 10 |
---------------+-------------------------------+-----
Polearms       | 3 4 5 6 7 8 10 | 10.9
Armour         | 2 3 4 5 6 7 |  7.4
Invocations    | 2 4 6 |  6.0
Bows           | 1 |  1.2
Fighting       | |  3.6
Throwing       | |  0.1
Dodging        | |  0.6

Action                   |  1- 3 |  4- 6 |  7- 9 | 10-12 || total
-------------------------+-------+-------+-------+-------++-------
Melee: Spear             |    88 |   263 |   460 |   188 ||   999
       Kick              |    11 |    47 |    89 |    51 ||   198
       Bite              |       |    20 |    31 |    15 ||    66
 Fire: Shortbow          |       |       |    40 |       ||    40
Throw: Tomahawk          |       |       |     1 |       ||     1
  Use: Scroll            |       |     9 |     9 |     1 ||    19
 Stab: Confused          |     1 |     1 |     4 |     1 ||     7
       Distracted        |     1 |       |       |       ||     1
       Petrified         |       |       |     5 |    10 ||    15
       Paralysed         |       |       |    12 |       ||    12
       Petrifying        |       |       |     1 |     1 ||     2
  Eat: Chunk             |       |     9 |    27 |     5 ||    41
Armor: Leather armour    |    17 |       |       |       ||    17
       Chain mail        |    10 |   174 |   101 |     6 ||   291
       Scale mail        |       |       |       |    36 ||    36
Dodge: Dodged            |    10 |    55 |    71 |    40 ||   176

Table legend:
 A = Non-vault XP
 B = Vault XP
 C = Vault XP percentage of total XP
 D = Non-vault monster count
 E = Vault monster count
 F = Vault count percentage of total count
                 A         B        C        D         E       F
            +---------+---------+-------+---------+---------+-------
      Total |    3820 |    5039 |  56.9 |     154 |      36 |  18.9
            +---------+---------+-------+---------+---------+-------
        D:1 |      27 |       5 |  15.6 |      12 |       4 |  25.0
        D:2 |      42 |      41 |  49.4 |      15 |       3 |  16.7
        D:3 |     147 |     358 |  70.9 |      23 |       3 |  11.5
        D:4 |     211 |       0 |   0.0 |      18 |       0 |   0.0
        D:5 |     365 |       0 |   0.0 |      13 |       0 |   0.0
        D:6 |     628 |       0 |   0.0 |      14 |       0 |   0.0
        D:7 |    1561 |     549 |  26.0 |      31 |       1 |   3.1
        D:8 |     690 |    3438 |  83.3 |      26 |      20 |  43.5
        D:9 |     149 |     648 |  81.3 |       2 |       5 |  71.4
            +---------+---------+-------+---------+---------+-------
